[Event "Team 45 45 League T52"]
[Site "Internet Chess Club"]
[Date "2012.03.24"]
[Round "6"]
[White "jjmolina"]
[Black "Tobiasdelmonte"]
[Result "1-0"]
[WhiteElo "1894"]
[BlackElo "1812"]
[Opening "Sicilian: dragon, Yugoslav attack, 10.O-O-O"]
[ECO "B78"]
[Time "13:00:06"]
[TimeControl "2700+45"]

1. e4 c5 2. Nf3 d6 3. d4 cxd4 4. Nxd4 Nf6 5. Nc3 g6 6. Be3 Bg7 7. Qd2 Nc6 8. f3
O-O 9. Bc4 Bd7 10. O-O-O Rb8 11. Kb1 b5 12. Ndxb5 a6 13. Nd4 Na5 14. Bb3 Nxb3
15. Nxb3 a5 16. Bh6 a4 17. Bxg7 Kxg7 18. Nc1 Qb6 19. Nd3 Rfc8 20. h4 Qa5 21. Ne2
Qb6 22. g4 Bb5 23. Nec1 Bc4 24. h5 d5 25. e5 Ne4 26. fxe4 dxe4 27. hxg6 Qxg6 28.
Nb4 e3 29. Qe1 e2 30. Nxe2 Bxe2 31. Qxe2 Rxb4 32. a3 Rbc4 33. Rc1 Re4 34. Qh2
Rc5 35. Rce1 Rec4 36. Re2 Rb5 37. e6 f6 38. Re3 Rb3 39. Qxh7+ Qxh7 40. Rxh7+
Kxh7 41. cxb3 Rxg4 42. bxa4 Kg6 43. a5 Kf5 44. b4 Kf4 45. Re1 Rg3 46. Kb2 f5 47.
b5 Rg2+ 48. Kb3 Rg3+ 49. Kb4 Kf3 50. b6 Kf2 51. Re5 f4 52. b7 Rg8 53. a6 f3 54.
a7 Rg4+ 55. Kb5 {Black resigns} 1-0

[Event "Team 45 45 League T52"]
[Site "Internet Chess Club"]
[Date "2012.03.22"]
[Round "6"]
[White "quotha"]
[Black "IceBox"]
[Result "1/2-1/2"]
[WhiteElo "1664"]
[BlackElo "1846"]
[Opening "Caro-Kann defense"]
[ECO "B10"]
[Time "16:00:33"]
[TimeControl "2700+45"]

1. e4 c6 2. Nf3 d5 3. exd5 cxd5 4. d4 Nc6 5. Bb5 a6 6. Bxc6+ bxc6 7. O-O Nf6 8.
h3 e6 9. c4 c5 10. b3 dxc4 11. bxc4 cxd4 12. Qxd4 Qxd4 13. Nxd4 Bc5 14. Nb3 Bd6
15. Bb2 O-O 16. c5 Bc7 17. N1d2 a5 18. Ba3 a4 19. Nd4 Rd8 20. N2f3 Ba6 21. Rfd1
Bc4 22. Rd2 Rab8 23. Nc6 Bd5 24. Nxb8 Rxb8 25. Rb2 Rc8 26. Rc1 Nh5 27. Rb4 Nf4
28. Rc2 Nxh3+ 29. gxh3 Bxf3 30. Rxa4 Bd1 31. Rac4 Bxc2 32. Rxc2 {Game drawn by
mutual agreement} 1/2-1/2

[Event "Team 45 45 League T52"]
[Site "Internet Chess Club"]
[Date "2012.03.26"]
[Round "6"]
[White "Heian"]
[Black "vigneshv"]
[Result "1-0"]
[WhiteElo "1786"]
[BlackElo "1506"]
[Opening "French: advance, Milner-Barry gambit"]
[ECO "C02"]
[Time "18:17:01"]
[TimeControl "2700+45"]

1. e4 e6 2. d4 d5 3. e5 c5 4. c3 Qb6 5. Nf3 Nc6 6. Bd3 Bd7 7. O-O cxd4 8. cxd4
Nxd4 9. Nxd4 Qxd4 10. Nc3 Bb4 11. Nb5 Qxe5 12. Qf3 Bxb5 13. Bxb5+ Ke7 14. Bf4
Qf5 15. Qg3 Nf6 16. a3 Nh5 17. Bg5+ f6 18. Qc7+ Kf8 19. Be3 d4 20. axb4 Qxb5 21.
Bxd4 Ke8 22. Rfe1 Qd7 23. Qc3 Kf7 24. Bxa7 Rhd8 25. Qh3 Nf4 26. Qf3 Qd2 27. Be3
Qxb4 28. Bxf4 Rxa1 29. Rxa1 Ra8 30. Rc1 Qxb2 31. h4 e5 32. Qd5+ Ke8 33. Qe6+ Kf8
34. Rc7 Qb1+ 35. Kh2 Qg6 36. Be3 b5 37. Bc5# {Black checkmated} 1-0

[Event "Team 45 45 League T52"]
[Site "Internet Chess Club"]
[Date "2012.03.26"]
[Round "6"]
[White "rook9999"]
[Black "lasker25"]
[Result "0-1"]
[WhiteElo "1888"]
[BlackElo "1948"]
[Opening "Sicilian: accelerated fianchetto, Maróczy bind, 5...Bg7"]
[ECO "B37"]
[Time "19:01:07"]
[TimeControl "2700+45"]

1. e4 c5 2. Nf3 Nc6 3. d4 cxd4 4. Nxd4 g6 5. c4 Bg7 6. Nc2 Nh6 7. Nc3 d6 8. f3
f5 9. Ne3 O-O 10. Bd3 fxe4 11. Bxe4 Nf5 12. Bxf5 gxf5 13. Ned5 e6 14. Nf4 e5 15.
Nfd5 Qh4+ 16. g3 Qxc4 17. Nc7 Rb8 18. Be3 f4 19. Bf2 Nd4 20. Bxd4 Qxc7 21. Bxa7
Ra8 22. Bf2 fxg3 23. hxg3 Qf7 24. Qxd6 e4 25. Qd5 Bxc3+ {White resigns} 0-1

[Event "Team 45 45 League T52"]
[Site "Internet Chess Club"]
[Date "2012.03.26"]
[Round "6"]
[White "vaknight"]
[Black "ryan2chess"]
[Result "1/2-1/2"]
[WhiteElo "1755"]
[BlackElo "1768"]
[Opening "Bird's opening"]
[ECO "A03"]
[Time "19:34:14"]
[TimeControl "2700+45"]

1. f4 d5 2. b3 c5 3. Bb2 Nc6 4. Nf3 Bg4 5. e3 e6 6. Be2 Nf6 7. O-O Bd6 8. Na3 a6
9. Ne5 Bxe2 10. Qxe2 Rc8 11. c4 O-O 12. cxd5 exd5 13. Nc2 b5 14. d3 Re8 15. Nxc6
Rxc6 16. Qf3 Bf8 17. Rad1 Qd7 18. h3 Rd8 19. g4 Ne8 20. e4 dxe4 21. dxe4 Rd6 22.
Ne3 Qc6 23. Nd5 R6d7 24. Rfe1 Nc7 25. Nxc7 Rxd1 26. Rxd1 Qxc7 27. Rd5 Rxd5 28.
exd5 Bd6 29. Qe3 Qe7 30. Qxe7 Bxe7 31. Kf2 f6 32. Kf3 Kf7 33. Ke4 Bd6 34. Bc1
Ke7 35. h4 a5 36. a3 Bc7 37. g5 Bd6 38. gxf6+ Kxf6 39. Bb2+ Kf7 40. h5 g6 41.
hxg6+ hxg6 42. Be5 Ke7 43. f5 gxf5+ 44. Kxf5 c4 45. Bf6+ Kd7 46. bxc4 bxc4 47.
a4 Bb4 48. Ke4 c3 49. Kd3 Kd6 {Game drawn by mutual agreement} 1/2-1/2

[Event "Team 45 45 League T52"]
[Site "Internet Chess Club"]
[Date "2012.03.27"]
[Round "6"]
[White "zigzag2002"]
[Black "CheeryCherry"]
[Result "0-1"]
[WhiteElo "1742"]
[BlackElo "1473"]
[Opening "Vienna gambit, Wurzburger trap"]
[ECO "C29"]
[Time "18:21:15"]
[TimeControl "2700+45"]

1. e4 e5 2. Nc3 Nf6 3. f4 d5 4. fxe5 Nxe4 5. d3 Qh4+ 6. g3 Nxg3 7. Nf3 Qh5 8.
Nxd5 Bg4 9. Bg2 Nxh1 10. Nxc7+ Kd7 11. Nxa8 Nc6 12. Be3 Be7 13. Qe2 Rxa8 14.
O-O-O Ke8 15. d4 Rc8 16. a3 Na5 17. h3 Bf5 18. Qb5+ Kf8 19. c3 Nc4 20. Bxh1 Nxe3
21. Rg1 Qh6 22. Nd2 Rxc3+ 23. bxc3 Bxa3+ {White resigns} 0-1

[Event "Team 45 45 League T52"]
[Site "Internet Chess Club"]
[Date "2012.03.24"]
[Round "6"]
[White "Muravey"]
[Black "anna"]
[Result "1-0"]
[WhiteElo "1770"]
[BlackElo "1570"]
[Opening "Scotch game"]
[ECO "C45"]
[Time "16:08:44"]
[TimeControl "2700+45"]

1. e4 e5 2. Nf3 Nc6 3. d4 exd4 4. Nxd4 Nxd4 5. Qxd4 Nf6 6. Nc3 b6 7. Bc4 Bc5 8.
Qd3 Bb7 9. Bf4 O-O 10. f3 Nh5 11. Bg3 Nxg3 12. hxg3 Qg5 13. f4 Qe7 14. O-O-O
Rfd8 15. g4 Bb4 16. Rxh7 Bxc3 17. Rdh1 Bxb2+ 18. Kxb2 Qb4+ 19. Ka1 Kf8 20. Qd4
f6 21. e5 d5 22. exf6 Qxc4 23. fxg7+ Kg8 24. Qf6 Qf1+ 25. Rxf1 Kxh7 26. Rh1+ Kg8
27. Rh8# {Black checkmated} 1-0

[Event "Team 45 45 League T52"]
[Site "Internet Chess Club"]
[Date "2012.03.23"]
[Round "6"]
[White "DARKwizard1"]
[Black "fledermaus"]
[Result "1/2-1/2"]
[WhiteElo "2040"]
[BlackElo "1873"]
[Opening "Caro-Kann: Gurgenidze counter-attack"]
[ECO "B15"]
[Time "20:01:12"]
[TimeControl "2700+45"]

1. e4 c6 2. d4 d5 3. Nc3 b5 4. exd5 b4 5. Ne4 Qxd5 6. Ng3 Nf6 7. Nf3 e6 8. Bd3
Ba6 9. O-O Be7 10. Re1 O-O 11. Nf5 Bd8 12. Ne3 Qd6 13. a3 Bxd3 14. Qxd3 Be7 15.
axb4 Qxb4 16. Bd2 Qb7 17. Ne5 Rd8 18. Qc4 Nd5 19. N3g4 h5 20. Ne3 Bd6 21. Nd3
Qc7 22. h3 Nd7 23. Ra6 N5b6 24. Qa2 c5 25. dxc5 Nxc5 26. Nxc5 Bxc5 27. Bc3 Qb7
28. Ra1 Nd5 29. Nxd5 Rxd5 30. Qc4 Rg5 31. Qf1 Rf5 32. Be1 Qxb2 33. Qd3 Qd4 34.
Qe2 Rd8 35. R6a4 Qf6 36. Rb1 {Game drawn by mutual agreement} 1/2-1/2

[Event "Team 45 45 League T52"]
[Site "Internet Chess Club"]
[Date "2012.03.26"]
[Round "6"]
[White "diegoami"]
[Black "SimplyClaudia"]
[Result "1-0"]
[WhiteElo "1743"]
[BlackElo "1832"]
[Opening "French: Tarrasch, closed variation"]
[ECO "C05"]
[Time "16:00:18"]
[TimeControl "2700+45"]

1. e4 e6 2. d4 d5 3. Nd2 Nf6 4. Bd3 Be7 5. Ngf3 O-O 6. O-O b6 7. Qe2 Re8 8. c3
Bb7 9. e5 Nfd7 10. Re1 c5 11. Nf1 Nc6 12. a3 cxd4 13. cxd4 f6 14. exf6 Bxf6 15.
Be3 e5 16. dxe5 Ndxe5 17. Nxe5 Nxe5 18. Bb5 Bc6 19. Rac1 Bxb5 20. Qxb5 Nc4 21.
Rcd1 Nxb2 22. Rxd5 Qc8 23. Rc1 Qe6 24. Rc6 Qe4 25. Rd7 Qg4 26. Qd5+ Kh8 27. Rxf6
gxf6 28. Bd4 Rf8 29. Bxf6+ Rxf6 30. Qxa8+ Qg8 31. Rd8 Rf8 32. Rxf8 Qxf8 33.
Qxf8# {Black checkmated} 1-0

[Event "Team 45 45 League T52"]
[Site "Internet Chess Club"]
[Date "2012.03.25"]
[Round "6"]
[White "ElmerHo"]
[Black "Gilguli"]
[Result "0-1"]
[WhiteElo "1447"]
[BlackElo "1409"]
[Opening "Sicilian"]
[ECO "B56"]
[Time "16:17:10"]
[TimeControl "2700+45"]

1. e4 c5 2. Nf3 d6 3. d4 cxd4 4. Nxd4 Nf6 5. Nc3 e5 6. Ndb5 a6 7. Na3 b5 8. Nd5
Bb7 9. Nxf6+ Qxf6 10. f3 Be7 11. c3 O-O 12. Nc2 Qh4+ 13. g3 Qh5 14. Ne3 Nd7 15.
Nf5 Rfe8 16. Bg2 Qg6 17. Be3 d5 18. Nxe7+ Rxe7 19. exd5 Nb6 20. d6 Rd7 21. Bxb6
Rxd6 22. Qe2 Rxb6 23. O-O Qe6 24. Rfd1 Bd5 25. b3 Rd6 26. Rac1 Rc8 27. Re1 f6
28. Qf2 Rdc6 29. Qd2 Rd6 30. Qf2 Rcd8 31. Rcd1 a5 32. Qe2 a4 33. Qxb5 axb3 34.
axb3 Rb6 35. Qa5 Rdd6 36. c4 Bb7 37. c5 Rxd1 38. Rxd1 Rxb3 39. Rd8+ Kf7 40. Qc7+
Kg6 41. Rd1 Bxf3 42. Bxf3 Rxf3 43. Qb7 Rb3 44. Qe4+ Qf5 45. Qa4 Rb1 46. Qe8+ Kh6
47. Rxb1 Qxb1+ 48. Kg2 Qc2+ 49. Kh3 Qxc5 50. g4 Qe3+ 51. Kh4 g5# {White
checkmated} 0-1

[Event "Team 45 45 League T52"]
[Site "Internet Chess Club"]
[Date "2012.03.24"]
[Round "6"]
[White "katikus"]
[Black "kabindra"]
[Result "1-0"]
[WhiteElo "1815"]
[BlackElo "1721"]
[Opening "Ruy Lopez: exchange variation, 5.O-O"]
[ECO "C68"]
[Time "17:31:24"]
[TimeControl "2700+45"]

1. e4 e5 2. Nf3 Nc6 3. Bb5 a6 4. Bxc6 dxc6 5. O-O Bg4 6. h3 Bh5 7. g4 Bg6 8.
Nxe5 Bd6 9. Nxg6 hxg6 10. Qf3 Qh4 11. Kg2 O-O-O 12. d4 Kb8 13. e5 Be7 14. Be3 f6
15. Nc3 f5 16. Rad1 Nh6 17. Bxh6 gxh6 18. d5 cxd5 19. Nxd5 Bc5 20. Qg3 Qg5 21.
e6 Bd6 22. f4 Bxf4 23. Qxf4 Qh4 24. Qxc7+ Ka7 25. Nb4 Rc8 26. Qg3 Qf6 27. Rd6
Qxb2 28. Qe3+ Ka8 29. Qb3 Qe5 30. Qd5 Qb2 31. Rxa6+ Kb8 32. Rb6 Rxc2+ 33. Kg1
{Black resigns} 1-0

[Event "Team 45 45 League T52"]
[Site "Internet Chess Club"]
[Date "2012.03.23"]
[Round "6"]
[White "Portola"]
[Black "plutonas"]
[Result "0-1"]
[WhiteElo "1732"]
[BlackElo "1584"]
[Opening "Queen's Indian defense"]
[ECO "A47"]
[Time "16:01:08"]
[TimeControl "2700+45"]

1. d4 Nf6 2. Nf3 b6 3. Bf4 Bb7 4. e3 g6 5. h3 Bg7 6. Nbd2 d6 7. Bc4 Nbd7 8. Qe2
O-O 9. O-O c5 10. c3 Nh5 11. Bh2 Re8 12. Ng5 d5 13. Bd3 e5 14. h4 e4 15. Bb5 a6
16. Bxd7 Qxd7 17. Rfd1 h6 18. Nh3 c4 19. Nf4 Nf6 20. Nf1 Rad8 21. Bg3 Ng4 22.
Nh2 Nxh2 23. Bxh2 b5 24. b3 Bf6 25. g3 Re7 26. Kg2 Bc8 27. Kg1 Qg4 28. Qxg4 Bxg4
29. Rd2 g5 30. hxg5 hxg5 31. Ne2 Rb7 32. b4 Kg7 33. a4 Rh8 34. axb5 axb5 35. Ra5
Bd8 36. Ra6 f6 37. Rda2 Kg6 38. Ra7 Rxa7 39. Rxa7 Bxe2 40. Rb7 Bg4 41. Rxb5 Be6
42. Rb8 Kf7 43. b5 Re8 44. b6 Bxb6 45. Rxb6 Ra8 46. Rb1 Ra2 47. Rc1 Kg6 48. Kg2
Bg4 49. Bg1 Bf3+ 50. Kf1 g4 51. Ke1 f5 52. Bh2 Kf6 53. Bg1 Ke6 54. Bh2 Kd6 55.
Bg1 Kc6 56. Bh2 Kb5 57. Rb1+ Ka4 58. Rb6 Re2+ 59. Kf1 Rc2 60. Ke1 Re2+ 61. Kf1
Rd2 62. Rb1 Ka3 63. Ke1 Re2+ 64. Kf1 Ka2 65. Rb5 Rd2 66. Ra5+ Kb3 67. Ra1 Kb2
68. Re1 Kxc3 69. Ra1 Kd3 70. Ke1 Re2+ 71. Kf1 c3 72. Rd1+ Rd2 {White resigns}
0-1

[Event "Team 45 45 League T52"]
[Site "Internet Chess Club"]
[Date "2012.03.23"]
[Round "6"]
[White "tryanything"]
[Black "cys456"]
[Result "0-1"]
[WhiteElo "1532"]
[BlackElo "1683"]
[Opening "Sicilian: closed"]
[ECO "B25"]
[Time "17:03:26"]
[TimeControl "2700+45"]

1. e4 c5 2. Nc3 Nc6 3. g3 g6 4. Bg2 Bg7 5. d3 d6 6. Nge2 e6 7. O-O Nge7 8. Be3
Nd4 9. Rb1 O-O 10. f4 a6 11. Bf2 Rb8 12. Nxd4 cxd4 13. Ne2 Nc6 14. c3 dxc3 15.
bxc3 Bd7 16. d4 d5 17. exd5 exd5 18. Bxd5 Bf5 19. Bxc6 Bxb1 20. Qxb1 bxc6 21.
Qc2 Re8 22. Nc1 Qd5 23. Nd3 Re7 24. Re1 Rxe1+ 25. Nxe1 Re8 26. Nd3 Qf3 27. Ne5
Bxe5 28. dxe5 Rd8 {White resigns} 0-1